MWL (24 & UNDER)
MANHATTEN MEATHEADS @ CINCINNATI PRIDE
09/21/2026
 
TOP OF THE 1ST
Manhatten Meatheads batting - Pitching for Cincinnati Pride : RHP Rusty van Rhee
Pitching: RHP Rusty van Rhee
Batting: SHB Cornell Payne 0-0: Called Strike
0-1: Called Strike
0-2: Strikes out swinging
Batting: RHB Craig Chapman 0-0: Ball
1-0: Called Strike
1-1: Ball
2-1: Called Strike
2-2: Ball
3-2: Fly out, F9 (Flyball, 89S)
Batting: LHB Juan Hernández 0-0: Ball
1-0: Ball
2-0: Foul Ball, location: 2F
2-1: Ground out 6-3 (Groundball, 6)
Top of the 1st over - 0 run(s), 0 hit(s), 0 error(s), 0 left on base; Manhatten 0 - Cincinnati 0
BOTTOM OF THE 1ST
Cincinnati Pride batting - Pitching for Manhatten Meatheads : RHP Juan García
Pitching: RHP Juan García
Batting: RHB Wilson Flores 0-0: Ball
1-0: Swinging Strike
1-1: Fly out, F7 (Flyball, 7D)
Batting: LHB Ángel Tuzzi 0-0: Ball
1-0: Ball
2-0: SINGLE (Line Drive, 4)
Batting: LHB John Clark 0-0: Ball
1-0: Foul Ball, location: 2F
1-1: Ball
2-1: Called Strike
2-2: Strikes out looking
Batting: LHB Iván Vázquez 0-0: Swinging Strike
0-1: Ball
1-1: SINGLE (Groundball, 3)
Ángel Tuzzi to second
Runner from 2nd tries for 3rd, SAFE, no throw or cutoff
Batting: RHB Álex Hernández 0-0: Ball
1-0: Ball
2-0: Ball
3-0: Base on Balls
Iván Vázquez to second
Batting: LHB Gabriel Aragón 0-0: Called Strike
0-1: Swinging Strike
0-2: Strikes out swinging
Bottom of the 1st over - 0 run(s), 2 hit(s), 0 error(s), 3 left on base; Manhatten 0 - Cincinnati 0
TOP OF THE 2ND
Manhatten Meatheads batting - Pitching for Cincinnati Pride : RHP Rusty van Rhee
Batting: RHB Denver Baker 0-0: Ball
1-0: Called Strike
1-1: Called Strike
1-2: Ball
2-2: Ball
3-2: SINGLE (Groundball, 34)
Batting: LHB Robbie Turner 0-0: Ball
1-0: Grounds into double play, U3-6 (Groundball, 3L)
Batting: SHB León Glaviz 0-0: Called Strike
0-1: Swinging Strike
0-2: Hit by Pitch
Batting: LHB Hidalgo García 0-0: Ball
1-0: DOUBLE (Flyball, 78M)
León Glaviz to third
Batting: RHB Tim Bonner 0-0: Called Strike
0-1: Swinging Strike
0-2: Ground out 6-3 (Groundball, 6)
Top of the 2nd over - 0 run(s), 2 hit(s), 0 error(s), 2 left on base; Manhatten 0 - Cincinnati 0
BOTTOM OF THE 2ND
Cincinnati Pride batting - Pitching for Manhatten Meatheads : RHP Juan García
Batting: RHB Bartolo Montero 0-0: Called Strike
0-1: Ball
1-1: Ball
2-1: DOUBLE (Line Drive, 9LS)
Batting: RHB Steve Meyers 0-0: Ground out 6-3 (Groundball, 6)
Batting: RHB Micheal Banks 0-0: Ball
1-0: Foul Ball, location: 2F
1-1: Foul Ball, location: 2F
1-2: Ball
2-2: Fly out, F5 (Line Drive, 56)
Batting: RHB Wilson Flores 0-0: Ball
1-0: Ball
2-0: Ball
3-0: Base on Balls
Batting: LHB Ángel Tuzzi 0-0: Ground out 4-3 (Groundball, 34)
Bottom of the 2nd over - 0 run(s), 1 hit(s), 0 error(s), 2 left on base; Manhatten 0 - Cincinnati 0
TOP OF THE 3RD
Manhatten Meatheads batting - Pitching for Cincinnati Pride : RHP Rusty van Rhee
Batting: SHB José Sousa 0-0: Called Strike
0-1: Ball
1-1: Foul Ball, location: 2F
1-2: Strikes out swinging
Batting: SHB Cornell Payne 0-0: Ball
1-0: Ball
2-0: Ball
3-0: Called Strike
3-1: Called Strike
3-2: Fly out, F7 (Flyball, 7LMF)
Batting: RHB Craig Chapman 0-0: Called Strike
0-1: Ball
1-1: Foul Ball, location: 2F
1-2: Strikes out swinging
Top of the 3rd over - 0 run(s), 0 hit(s), 0 error(s), 0 left on base; Manhatten 0 - Cincinnati 0
BOTTOM OF THE 3RD
Cincinnati Pride batting - Pitching for Manhatten Meatheads : RHP Juan García
Batting: LHB John Clark 0-0: Called Strike
0-1: Ball
1-1: Ball
2-1: Ball
3-1: Base on Balls
Batting: LHB Iván Vázquez 0-0: SINGLE (Groundball, 6M)
John Clark to second
Runner from 2nd tries for 3rd, SAFE, throw made to third
Batting: RHB Álex Hernández 0-0: Ball
1-0: Ball
2-0: Ball
3-0: Called Strike
3-1: Base on Balls
Iván Vázquez to second
Batting: LHB Gabriel Aragón 0-0: Foul Ball, location: 2F
0-1: Fly out, F8 (Line Drive, 89M)
Runner from 3rd tags up, SCORES, throw made
Batting: RHB Bartolo Montero 0-0: Ball
1-0: Ball
2-0: Ball
3-0: Called Strike
3-1: Foul Ball, location: 2F
3-2: Base on Balls
Iván Vázquez to third
Álex Hernández to second
Batting: RHB Steve Meyers 0-0: Foul Ball, location: 2F
0-1: Foul Ball, location: 2F
0-2: Ball
1-2: Strikes out swinging
Batting: RHB Micheal Banks 0-0: Swinging Strike
0-1: Called Strike
0-2: Foul Ball, location: 2F
0-2: Foul Ball, location: 2F
0-2: Strikes out swinging
Bottom of the 3rd over - 1 run(s), 1 hit(s), 0 error(s), 3 left on base; Manhatten 0 - Cincinnati 1
TOP OF THE 4TH
Manhatten Meatheads batting - Pitching for Cincinnati Pride : RHP Rusty van Rhee
Batting: LHB Juan Hernández 0-0: Called Strike
0-1: Ball
1-1: Ball
2-1: Ball
3-1: Foul Ball, location: 2F
3-2: Foul Ball, location: 2F
3-2: Fly out, F9 (Flyball, 9M)
Batting: RHB Denver Baker 0-0: Called Strike
0-1: Called Strike
0-2: Ball
1-2: Ground out 1-3 (Groundball, 13S)
Batting: LHB Robbie Turner 0-0: Ball
1-0: Ball
2-0: SINGLE (Groundball, 4MD)
Batting: SHB León Glaviz 0-0: Called Strike
0-1: Ball
1-1: Foul Ball, location: 2F
1-2: Strikes out swinging
Top of the 4th over - 0 run(s), 1 hit(s), 0 error(s), 1 left on base; Manhatten 0 - Cincinnati 1
BOTTOM OF THE 4TH
Cincinnati Pride batting - Pitching for Manhatten Meatheads : RHP Juan García
Batting: RHB Wilson Flores 0-0: Bunt for hit - play at first, batter safe!
Batting: LHB Ángel Tuzzi 0-0: Called Strike
0-1: Ball
Wilson Flores steals 2nd base
1-1: Ground out 4-3 (Groundball, 13)
Wilson Flores to third
Batting: LHB John Clark 0-0: Ball
1-0: Ball
2-0: Ball
3-0: Called Strike
3-1: Ground out U3 (Groundball, 3S)
Batting: LHB Iván Vázquez 0-0: Called Strike
0-1: 2-RUN HOME RUN (Flyball, 89XD), Distance : 436 ft
Batting: RHB Álex Hernández 0-0: Called Strike
0-1: Swinging Strike
0-2: Ball
1-2: SINGLE (Groundball, 15S) (infield hit)
Batting: LHB Gabriel Aragón 0-0: Called Strike
0-1: Foul Ball, location: 2F
0-2: Ball
1-2: Strikes out swinging
Bottom of the 4th over - 2 run(s), 3 hit(s), 0 error(s), 1 left on base; Manhatten 0 - Cincinnati 3
TOP OF THE 5TH
Manhatten Meatheads batting - Pitching for Cincinnati Pride : RHP Rusty van Rhee
Batting: LHB Hidalgo García 0-0: Foul Ball, location: 2F
0-1: Foul Ball, location: 2F
0-2: Strikes out looking
Batting: RHB Tim Bonner 0-0: Called Strike
0-1: Ball
1-1: Fly out, F6 (Popup, 56)
Batting: SHB José Sousa 0-0: Ball
1-0: Ball
2-0: Ball
3-0: Called Strike
3-1: Called Strike
3-2: Strikes out swinging
Top of the 5th over - 0 run(s), 0 hit(s), 0 error(s), 0 left on base; Manhatten 0 - Cincinnati 3
BOTTOM OF THE 5TH
Cincinnati Pride batting - Pitching for Manhatten Meatheads : RHP Juan García
Pitching: RHP Robinson Ramírez
Batting: RHB Bartolo Montero 0-0: Called Strike
0-1: Foul Ball, location: 2F
0-2: Ball
1-2: Foul Ball, location: 2F
1-2: Ground out U3 (Groundball, 3)
Batting: RHB Steve Meyers 0-0: Foul Ball, location: 2F
0-1: Ball
1-1: Ball
2-1: Swinging Strike
2-2: SINGLE (Groundball, 4D)
Batting: RHB Micheal Banks 0-0: Called Strike
0-1: Ball
1-1: Hit by Pitch
Steve Meyers to second
Batting: RHB Wilson Flores 0-0: Ball
1-0: Ball
2-0: SINGLE (Line Drive, 34D)
Steve Meyers to third
Micheal Banks to second
Batting: LHB Ángel Tuzzi 0-0: Swinging Strike
0-1: Called Strike
0-2: Strikes out swinging
Batting: LHB John Clark 0-0: Ball
1-0: Ball
2-0: SINGLE (Groundball, 4MD)
Steve Meyers scores
Micheal Banks to third
Wilson Flores to second
Runner from 3rd tries for Home, SAFE, no throw or cutoff
Batting: LHB Iván Vázquez 0-0: Called Strike
0-1: Ball
1-1: Ball
2-1: Foul Ball, location: 2F
2-2: Ball
3-2: Ground out U3 (Groundball, 3L)
Bottom of the 5th over - 2 run(s), 3 hit(s), 0 error(s), 2 left on base; Manhatten 0 - Cincinnati 5
TOP OF THE 6TH
Manhatten Meatheads batting - Pitching for Cincinnati Pride : RHP Rusty van Rhee
Batting: SHB Cornell Payne 0-0: Ball
1-0: Ground out 6-3 (Groundball, 6M)
Batting: RHB Craig Chapman 0-0: Ball
1-0: Called Strike
1-1: Foul Ball, location: 2F
1-2: Strikes out looking
Batting: LHB Juan Hernández 0-0: Called Strike
0-1: Ground out 4-3 (Groundball, 4)
Top of the 6th over - 0 run(s), 0 hit(s), 0 error(s), 0 left on base; Manhatten 0 - Cincinnati 5
BOTTOM OF THE 6TH
Cincinnati Pride batting - Pitching for Manhatten Meatheads : RHP Robinson Ramírez
Batting: RHB Álex Hernández 0-0: Called Strike
0-1: Foul Ball, location: 2F
0-2: Strikes out swinging
Batting: LHB Gabriel Aragón 0-0: Ball
1-0: Ball
2-0: Swinging Strike
2-1: Ball
3-1: Swinging Strike
3-2: Foul Ball, location: 2F
3-2: Base on Balls
Batting: RHB Bartolo Montero 0-0: Swinging Strike
0-1: Foul Ball, location: 2F
0-2: Strikes out looking
Batting: RHB Steve Meyers 0-0: Ball
1-0: Called Strike
1-1: Swinging Strike
1-2: Strikes out looking
Bottom of the 6th over - 0 run(s), 0 hit(s), 0 error(s), 1 left on base; Manhatten 0 - Cincinnati 5
TOP OF THE 7TH
Manhatten Meatheads batting - Pitching for Cincinnati Pride : RHP Rusty van Rhee
Batting: RHB Denver Baker 0-0: Fly out, F9 (Line Drive, 9M)
Batting: LHB Robbie Turner 0-0: Ball
1-0: Ball
2-0: Called Strike
2-1: Ball
3-1: Swinging Strike
3-2: Ground out 4-3 (Groundball, 34)
Batting: SHB León Glaviz 0-0: Called Strike
0-1: Ball
1-1: Ball
2-1: Called Strike
2-2: Ball
3-2: Base on Balls
Pitching: RHP José Bruschy
Batting: LHB Hidalgo García 0-0: Called Strike
0-1: Ball
1-1: SINGLE (Line Drive, 34D)
León Glaviz to second
Batting: RHB Tim Bonner 0-0: Ball
1-0: Foul Ball, location: 2F
1-1: Foul Ball, location: 2F
1-2: Fly out, F6 (Popup, 56)
Top of the 7th over - 0 run(s), 1 hit(s), 0 error(s), 2 left on base; Manhatten 0 - Cincinnati 5
BOTTOM OF THE 7TH
Cincinnati Pride batting - Pitching for Manhatten Meatheads : RHP Robinson Ramírez
Pitching: LHP Donald Joseph
Batting: RHB Micheal Banks 0-0: Called Strike
0-1: Called Strike
0-2: Fly out, F7 (Flyball, 8LD)
Batting: RHB Wilson Flores 0-0: Called Strike
0-1: Ball
1-1: Ball
2-1: Called Strike
2-2: Foul Ball, location: 2F
2-2: Ball
3-2: Base on Balls
Batting: LHB Ángel Tuzzi 0-0: Called Strike
0-1: Foul Ball, location: 2F
0-2: Strikes out swinging
Batting: LHB John Clark 0-0: Called Strike
0-1: Called Strike
0-2: Ball
1-2: Ball
2-2: Foul Ball, location: 2F
2-2: Strikes out swinging
Bottom of the 7th over - 0 run(s), 0 hit(s), 0 error(s), 1 left on base; Manhatten 0 - Cincinnati 5
TOP OF THE 8TH
Manhatten Meatheads batting - Pitching for Cincinnati Pride : RHP José Bruschy
Now at SS: Burkhard Bittinger
Batting: SHB José Sousa 0-0: Called Strike
0-1: Called Strike
0-2: SINGLE (Line Drive, 8RS)
Batting: SHB Cornell Payne 0-0: Ball
1-0: Called Strike
1-1: Ball
2-1: Foul Ball, location: 2F
2-2: Foul Ball, location: 2F
2-2: Grounds into double play, 1-6-3 (Groundball, 13)
Batting: RHB Craig Chapman 0-0: Ball
1-0: Called Strike
1-1: Ball
2-1: Ball
3-1: Called Strike
3-2: Ground out 6-3 (Groundball, 56)
Top of the 8th over - 0 run(s), 1 hit(s), 0 error(s), 0 left on base; Manhatten 0 - Cincinnati 5
BOTTOM OF THE 8TH
Cincinnati Pride batting - Pitching for Manhatten Meatheads : LHP Donald Joseph
Batting: LHB Iván Vázquez 0-0: Foul Ball, location: 2F
0-1: Ball
1-1: SINGLE (Groundball, 34D)
Batting: RHB Álex Hernández 0-0: Ball
1-0: Called Strike
1-1: Swinging Strike
1-2: Strikes out swinging
Batting: LHB Gabriel Aragón 0-0: Ball
1-0: Ball
2-0: Foul Ball, location: 2F
2-1: Ball
3-1: Swinging Strike
3-2: Foul Ball, location: 2F
3-2: Ground out 4-3 (Groundball, 4MS)
Iván Vázquez to second
Batting: RHB Bartolo Montero 0-0: Called Strike
0-1: Ball
1-1: Foul Ball, location: 2F
1-2: Fly out, F7 (Line Drive, 78M)
Bottom of the 8th over - 0 run(s), 1 hit(s), 0 error(s), 1 left on base; Manhatten 0 - Cincinnati 5
TOP OF THE 9TH
Manhatten Meatheads batting - Pitching for Cincinnati Pride : RHP José Bruschy
Now in RF: Roberto Quiñones
Batting: LHB Juan Hernández 0-0: Ball
1-0: Fly out, F7 (Flyball, 7M)
Batting: RHB Denver Baker 0-0: SINGLE (Line Drive, 6D)
Batting: LHB Robbie Turner 0-0: SINGLE (Groundball, 6MD)
Denver Baker to second
Batting: SHB León Glaviz 0-0: Called Strike
0-1: Ball
1-1: Swinging Strike
1-2: Grounds into double play, 4-6-3 (Groundball, 4)
Top of the 9th over - 0 run(s), 2 hit(s), 0 error(s), 1 left on base; Manhatten 0 - Cincinnati 5
Monday, December 5th, 2016 - OOTP Baseball 17.12 Build 75